[Event "Titled Tuesday Blitz October 18 Late 2022"]
[White "O`Gorman, Tom"]
[Black "Yano, William Jorge Froes"]
[WhiteFideId "2508249"]
[BlackFideId "2112949"]
[WhiteElo "2271"]
[BlackElo "2122"]
[Result "0-1"]
[Round "07"]
[TimeControl "180+1"]
[Date "2022.10.19"]
[WhiteClock "0:00:11"]
[BlackClock "0:00:16"]

1. e4 e6 2. d4 d5 3. Nd2 h6 4. Ngf3 Nf6 5. e5 Nfd7 6. Bd3 c5 7. c3 Nc6 8. O-O g5 9. h3 h5 10. dxc5 g4 11. Nd4 Ndxe5 12. Bb5 Bxc5 13. N2b3 Bd6 14. f4 gxf3 15. Nxf3 Nxf3+ 16. Qxf3 Qb6+ 17. Nd4 f5 18. Be3 Qc7 19. Rae1 Bd7 20. Nxf5 Bh2+ 21. Kh1 O-O-O 22. Bxc6 Bxc6 23. Nd4 Rde8 24. Bf2 Be5 25. Rxe5 Qxe5 26. Bg3 Qg7 27. Re1 Rhf8 28. Qe3 Rg8 29. Ne2 e5 30. Qf2 h4 31. Bxh4 d4 32. Bg3 Ref8 33. Qg1 Qh8 34. Qh2 Rf5 35. cxd4 exd4 36. Nf4 Rxf4 37. Bxf4 Rxg2 38. h4 Rxh2+ 39. Kxh2 Qxh4+ 0-1


[Site "https://www.chess.com"]

[Event "Titled Tuesday Blitz October 18 Late 2022"]
[White "Osmak, Yuliia"]
[Black "Galchenko, Matvey"]
[WhiteFideId "14101602"]
[BlackFideId "24175480"]
[WhiteElo "2328"]
[BlackElo "2423"]
[Result "0-1"]
[Round "07"]
[TimeControl "180+1"]
[Date "2022.10.18"]
[WhiteClock "0:00:04"]
[BlackClock "0:00:14"]

1. d4 Nf6 2. c4 c5 3. d5 e6 4. Nc3 exd5 5. cxd5 d6 6. e4 g6 7. f4 Bg7 8. Bb5+ Nfd7 9. Nf3 O-O 10. O-O a6 11. Bd3 b5 12. Kh1 b4 13. Ne2 Re8 14. f5 c4 15. Bxc4 Rxe4 16. Bd3 Re8 17. Ng5 Ne5 18. Bc2 Ra7 19. Be3 Rb7 20. Bd4 Nbd7 21. Ne4 Nb6 22. f6 Bf8 23. Nf4 Bf5 24. b3 Ng4 25. Qf3 Nd7 26. Rae1 Nde5 27. Qg3 Qc8 28. Bb1 Rc7 29. h3 Nh6 30. Nh5 Bxe4 31. Bxe4 a5 32. Qg5 a4 33. Ng7 Bxg7 34. fxg7 Nf5 35. Rxf5 gxf5 36. Bxf5 Qd8 37. Qxd8 Rxd8 38. Bb6 Rdc8 39. Bxc8 Rxc8 40. bxa4 Rc2 41. Rb1 Nd3 42. Rb3 Ne1 43. Rxb4 Kxg7 44. a5 Rxa2 45. Rg4+ Kf6 46. Bc7 Nd3 47. Kh2 Ne5 48. Rg3 Ke7 49. Bb6 h5 50. Rg5 Nf3+ 51. Kg3 Nxg5 52. Kh4 Ne4 53. Kxh5 Rxg2 54. a6 Ra2 55. a7 Nf6+ 56. Kg5 Nxd5 57. Bd4 Nc7 58. h4 Ne6+ 59. Kh6 Nxd4 0-1


[Site "https://www.chess.com"]

[Event "Titled Tuesday Blitz October 18 Late 2022"]
[White "Ozdemir, Serhan Berat"]
[Black "Erdogdu, Mert"]
[WhiteFideId "6374611"]
[BlackFideId "6301495"]
[WhiteElo "2016"]
[BlackElo "2413"]
[Result "0-1"]
[Round "07"]
[TimeControl "180+1"]
[Date "2022.10.18"]
[WhiteClock "0:00:02"]
[BlackClock "0:00:39"]

1. e4 c5 2. Nf3 d6 3. d4 cxd4 4. Nxd4 Nf6 5. Nc3 a6 6. Bg5 e6 7. f4 Qb6 8. Qd2 Nc6 9. Nb3 Ng4 10. h3 Qe3+ 11. Qxe3 Nxe3 12. Kd2 Nxf1+ 13. Rhxf1 h6 14. Bh4 g5 15. fxg5 Be7 16. Bg3 hxg5 17. a4 Bd7 18. Kc1 Rc8 19. a5 Ne5 20. Nd2 g4 21. Bxe5 dxe5 22. hxg4 Rg8 23. Rh1 Bf6 24. Ra3 Ke7 25. Rb3 Bc6 26. Rh7 Rxg4 27. Rh2 Bg5 28. Nd1 Bxe4 29. Ne3 Bxe3 30. Rxe3 Rxc2+ 31. Kd1 Bg6 32. Rb3 Rc7 33. Ke2 Ra4 34. Nf3 Rxa5 35. Nh4 Be4 36. Ke3 Bc6 37. g4 Rd7 38. g5 Ra4 39. g6 f5 40. g7 Kf7 41. Rg2 Kg8 42. Ng6 Bxg2 0-1


[Site "https://www.chess.com"]

[Event "Titled Tuesday Blitz October 18 Late 2022"]
[White "Ozen, Bahadir"]
[Black "Kamsky, Gata"]
[WhiteFideId "6337058"]
[BlackFideId "2000024"]
[WhiteElo "2503"]
[BlackElo "2666"]
[Result "1/2-1/2"]
[Round "07"]
[TimeControl "180+1"]
[Date "2022.10.18"]
[WhiteClock "0:00:56"]
[BlackClock "0:00:28"]

1. g3 Nf6 2. Bg2 d5 3. d3 c6 4. Nd2 e5 5. e4 dxe4 6. dxe4 Bc5 7. Ngf3 O-O 8. O-O Re8 9. b3 Bg4 10. Bb2 Nbd7 11. h3 Bh5 12. Qe1 Qc7 13. a3 a5 14. Nh4 Bg6 15. Nxg6 hxg6 16. Qe2 b5 17. Nf3 Nf8 18. Kh2 Rad8 19. a4 b4 20. Rad1 Rxd1 21. Rxd1 N6d7 22. h4 Qa7 23. Kg1 Ne6 24. Bh3 Nd4 25. Bxd4 Bxd4 26. Kg2 c5 27. Nd2 Nf6 28. Nc4 Qc7 29. Rd3 Ra8 30. Rd1 Qc6 31. f3 Qc7 32. Rd3 Rd8 33. Rd1 Ne8 34. Bg4 Nf6 35. Bh3 Ne8 36. Bg4 Nf6 37. Bh3 1/2-1/2


[Site "https://www.chess.com"]

[Event "Titled Tuesday Blitz October 18 Late 2022"]
[White "Ozen, Batuhan"]
[Black "Ibadov, Dashgyn"]
[WhiteFideId "6345123"]
[BlackFideId "24107514"]
[WhiteElo "2413"]
[BlackElo "2208"]
[Result "0-1"]
[Round "07"]
[TimeControl "180+1"]
[Date "2022.10.19"]
[WhiteClock "0:00:15"]
[BlackClock "0:00:03"]

1. d4 Nf6 2. Nc3 e6 3. Bg5 d5 4. f3 Be7 5. e4 h6 6. Bh4 O-O 7. Qd2 dxe4 8. O-O-O exf3 9. Nxf3 b6 10. Bc4 Bb7 11. Rhe1 c6 12. Kb1 Nd5 13. Bxe7 Qxe7 14. Ne4 Nd7 15. g4 c5 16. g5 h5 17. g6 fxg6 18. Neg5 Rf6 19. Ne5 Nxe5 20. Rxe5 Raf8 21. dxc5 Qxc5 22. Bxd5 Bxd5 23. Nxe6 Rxe6 24. Rxd5 Qc6 25. Rd7 Kh7 26. Qd4 Ref6 27. c3 R8f7 28. Rd8 Rf1 29. a3 Rxd1+ 30. Qxd1 Qe4+ 31. Ka2 Qe6+ 32. Kb1 Rf2 33. Rd2 Qf5+ 34. Ka2 Qf7+ 35. Ka1 Rf1 36. Qxf1 Qxf1+ 37. Ka2 Qf4 38. Rc2 g5 39. b4 g4 40. c4 h4 41. c5 bxc5 42. bxc5 g3 43. hxg3 hxg3 44. c6 Qc7 45. Kb3 Kg6 46. Kb4 Kg5 47. Kc5 Kg4 48. Rd2 Kh3 49. Rd7 Qe5+ 50. Kb4 g2 51. c7 g1=Q 52. c8=Q Qb6+ 53. Kc4 Qee6+ 54. Kd3 Qee3+ 55. Kc2 Qbb3# 0-1


[Site "https://www.chess.com"]

[Event "Titled Tuesday Blitz October 18 Late 2022"]
[White "P., Komal Kishore"]
[Black "Izuzquiza Gonzalez, Javier"]
[WhiteFideId "5016703"]
[BlackFideId "3101029"]
[WhiteElo "2097"]
[BlackElo "2034"]
[Result "0-1"]
[Round "07"]
[TimeControl "180+1"]
[Date "2022.10.19"]
[WhiteClock "0:00:01"]
[BlackClock "0:00:09"]

1. e4 c5 2. Nf3 e6 3. c3 Nf6 4. e5 Nd5 5. d4 cxd4 6. cxd4 d6 7. Nc3 Nxc3 8. bxc3 Qc7 9. Bf4 Qxc3+ 10. Bd2 Qc7 11. Rc1 Qd8 12. Bb5+ Bd7 13. Qa4 a6 14. Bxd7+ Nxd7 15. Ba5 b5 16. Bxd8 bxa4 17. Ba5 dxe5 18. Nxe5 Bd6 19. f4 f6 20. Nd3 Ke7 21. Ke2 Rhc8 22. Kf3 Ba3 23. Rxc8 Rxc8 24. Re1 Kf7 25. Re2 Nb8 26. g4 Nc6 27. Bc3 Ne7 28. Bd2 Nd5 29. f5 exf5 30. gxf5 Bd6 31. Nf4 Nxf4 32. Bxf4 Bxf4 33. Kxf4 Rc3 34. Ke4 a3 35. d5 Rc8 36. Kd4 Rb8 37. Re3 Rb2 38. Rxa3 Rxh2 39. Rxa6 Rg2 40. Ra7+ Ke8 41. d6 Rd2+ 42. Kc5 Rc2+ 43. Kd5 Rd2+ 44. Ke6 Re2+ 45. Kd5 h5 46. Rb7 h4 0-1


[Site "https://www.chess.com"]

[Event "Titled Tuesday Blitz October 18 Late 2022"]
[White "Pakleza, Zbigniew"]
[Black "Zhurbinsky, David"]
[WhiteFideId "1119290"]
[BlackFideId "2072904"]
[WhiteElo "2411"]
[BlackElo "2602"]
[Result "1-0"]
[Round "07"]
[TimeControl "180+1"]
[Date "2022.10.18"]
[WhiteClock "0:00:06"]
[BlackClock "0:00:09"]

1. d4 Nf6 2. Nf3 e6 3. Bf4 b6 4. e3 Bb7 5. h3 Be7 6. Bd3 d6 7. Nbd2 Nbd7 8. O-O O-O 9. Qe2 Re8 10. e4 Bf8 11. e5 dxe5 12. dxe5 Nd5 13. Bxh7+ Kxh7 14. Ng5+ Kg6 15. Qe4+ f5 16. exf6+ Kxf6 17. Rfe1 e5 18. Bg3 Nc5 19. Qh7 Qd7 20. Bh4 Nf4 21. Nge4+ Kf7 22. Ng5+ Kf6 23. Nde4+ Nxe4 24. Nxe4+ Kf7 25. Ng5+ Kf6 26. Rad1 Qc6 27. f3 Bd6 28. Ne4+ Kf7 29. Ng5+ Kf6 30. Kh2 Rh8 31. Ne4+ Kf7 32. Ng5+ Kf6 33. Qe4 Qxe4 34. Nxe4+ Ke6 35. Bg3 Bxe4 36. Rxe4 g5 37. Rde1 Rad8 38. Bf2 Kf5 39. Be3 Rhe8 40. g3 Ng6 41. Kg2 Bc5 42. Bc1 Kf6 43. Rg4 Kf7 44. Bxg5 Rd5 45. h4 Be7 46. Bc1 Nh8 47. h5 Bf6 48. Rge4 Red8 49. Kh3 Kg7 50. Kg4 Kh7 51. f4 exf4 52. Bxf4 Nf7 53. Re6 Bg7 54. Re7 Nd6 55. Rxc7 Nb5 56. Rb7 R5d7 57. Rxd7 Rxd7 58. c3 Nc7 59. Kf5 Nd5 60. Be5 Rf7+ 61. Ke4 Ne7 62. Bf4 Rf6 63. Kf3 Nf5 64. Kg4 Rf7 65. Rd1 Ne7 66. Rd7 Ng8 67. Rxf7 Nh6+ 68. Bxh6 Kxh6 69. Rxa7 b5 70. Ra6+ Kh7 71. Kf5 b4 72. cxb4 Bxb2 73. b5 Bd4 74. b6 Kh6 75. b7+ Kxh5 76. b8=Q Bg7 77. Qe8# 1-0


[Site "https://www.chess.com"]

[Event "Titled Tuesday Blitz October 18 Late 2022"]
[White "Pap, Gyula"]
[Black "Naroditsky, Daniel"]
[WhiteFideId "725323"]
[BlackFideId "2026961"]
[WhiteElo "2519"]
[BlackElo "2628"]
[Result "0-1"]
[Round "07"]
[TimeControl "180+1"]
[Date "2022.10.18"]
[WhiteClock "0:00:01"]
[BlackClock "0:00:03"]

1. g3 e5 2. c4 c6 3. d4 exd4 4. Qxd4 d5 5. Bg2 Nf6 6. cxd5 cxd5 7. Nf3 Nc6 8. Qd3 h6 9. O-O Be6 10. Nc3 Bc5 11. Na4 Bd6 12. Be3 Qa5 13. Nc3 O-O 14. Qb5 Qc7 15. Rac1 a6 16. Qb6 Qe7 17. Nd4 Ne5 18. Bf4 Rfc8 19. Bxe5 Bxe5 20. Rfd1 Rc4 21. a3 Rac8 22. e3 h5 23. Nce2 Bxd4 24. exd4 Bg4 25. Nc3 Bxd1 26. Rxd1 Qd7 27. h3 Re8 28. Qb3 b5 29. Qc2 Ne4 30. Qd3 Qf5 31. Rf1 g6 32. Ne2 Nd6 33. Qd1 Qc2 34. Nf4 Qxd1 35. Rxd1 Nf5 36. Nxd5 Kg7 37. Nb4 Rxd4 38. Rxd4 Nxd4 39. Nxa6 Re1+ 40. Bf1 Rb1 41. b4 Rb3 42. Nc7 Rxa3 43. Nxb5 Nxb5 44. Bxb5 Rb3 45. h4 Rxb4 46. Be2 f5 47. Kg2 Kf6 48. Bd3 Ke5 49. Be2 Rb2 50. Kf3 Kd4 51. Ba6 Kc3 52. Ke3 Rb4 53. Bf1 Re4+ 54. Kf3 Kd2 55. Bb5 Re6 56. Bc4 Rd6 57. Bf7 Rf6 58. Be8 Ke1 59. Bb5 Rd6 60. Ke3 Rb6 61. Bc4 Rc6 62. Bd3 Rc3 63. f4 Ra3 64. Kd4 Kf2 65. Bxf5 gxf5 0-1


[Site "https://www.chess.com"]

[Event "Titled Tuesday Blitz October 18 Late 2022"]
[White "Papasimakopoulos, Alexandros"]
[Black "Keymer, Vincent"]
[WhiteFideId "4244125"]
[BlackFideId "12940690"]
[WhiteElo "2357"]
[BlackElo "2600"]
[Result "0-1"]
[Round "07"]
[TimeControl "180+1"]
[Date "2022.10.18"]
[WhiteClock "0:00:07"]
[BlackClock "0:00:06"]

1. d4 Nf6 2. c4 e6 3. Nc3 Bb4 4. Qc2 c5 5. dxc5 O-O 6. a3 Bxc5 7. Nf3 d5 8. e3 Nc6 9. b4 Be7 10. Bb2 d4 11. exd4 a5 12. b5 Nxd4 13. Nxd4 Qxd4 14. Nd5 Qc5 15. Nxe7+ Qxe7 16. c5 e5 17. Be2 Bg4 18. Bxg4 Nxg4 19. O-O Rac8 20. Rac1 e4 21. h3 Nf6 22. Rfe1 Rfe8 23. c6 bxc6 24. bxc6 Nd5 25. Qc5 Qe6 26. Red1 Nf4 27. Qg5 Ng6 28. c7 h6 29. Qg4 f5 30. Qg3 Kh7 31. Rd6 Qf7 32. Rcd1 f4 33. Qg4 Rxc7 34. h4 Ne5 35. Bxe5 Rxe5 36. Rd7 Re7 37. Rxc7 Rxc7 38. h5 Re7 39. Rd6 Re8 40. Qg6+ Kg8 41. Qxf7+ Kxf7 42. Kf1 Re5 43. Ra6 Rxh5 44. g3 fxg3 45. fxg3 Rb5 46. Ke2 h5 47. Ke3 Rb3+ 48. Kf4 Rxa3 49. Ra7+ Kg6 50. Ra6+ Kh7 51. Ra7 Kh6 52. Ra8 Rf3+ 53. Kxe4 Rxg3 54. Rxa5 h4 55. Kf4 g5+ 56. Kf5 Kh5 57. Ra8 Rf3+ 58. Ke4 Rf4+ 59. Ke3 h3 60. Rh8+ Kg4 61. Rh7 Kg3 62. Rg7 Rf3+ 0-1


[Site "https://www.chess.com"]

[Event "Titled Tuesday Blitz October 18 Late 2022"]
[White "Papayan, Oleg"]
[Black "Lizak, Peter"]
[WhiteFideId "4193911"]
[BlackFideId "731595"]
[WhiteElo "2153"]
[BlackElo "2420"]
[Result "0-1"]
[Round "07"]
[TimeControl "180+1"]
[Date "2022.10.18"]
[WhiteClock "0:00:42"]
[BlackClock "0:01:08"]

1. e4 e6 2. d4 d5 3. Nc3 Bb4 4. e5 c5 5. a3 Ba5 6. b4 cxd4 7. Qg4 Kf8 8. Nb5 Bc7 9. Nf3 Bd7 10. Bb2 Bxb5 11. Bxb5 Nc6 12. Bxc6 bxc6 13. Bxd4 Bb6 14. O-O Ne7 15. Rfd1 Nf5 16. c4 h5 17. Qf4 g5 18. Qd2 g4 19. Bxb6 Qxb6 20. c5 Qc7 21. Nd4 Qxe5 22. Nxc6 Qf6 23. b5 Kg7 24. b6 axb6 25. cxb6 Nd6 26. Qb4 Ne4 27. Ra2 Rac8 28. b7 Rxc6 29. b8=Q Rxb8 30. Qxb8 Nc3 31. Qb6 Rxb6 0-1


[Site "https://www.chess.com"]

[Event "Titled Tuesday Blitz October 18 Late 2022"]
[White "Petrovic, Aleksa"]
[Black "Kovacevic, Radmila"]
[WhiteFideId "967629"]
[BlackFideId "933171"]
[WhiteElo "2242"]
[BlackElo "2208"]
[Result "0-1"]
[Round "07"]
[TimeControl "180+1"]
[Date "2022.10.19"]
[WhiteClock "0:02:10"]
[BlackClock "0:02:45"]

1. e4 e5 2. Nf3 d5 3. exd5 e4 4. Qe2 Nf6 5. Nc3 Be7 6. Nxe4 O-O 7. d3 Nxd5 8. Qd1 f5 9. Nc3 Bb4 10. Bd2 Re8+ 11. Be2 Bxc3 12. bxc3 Qe7 13. c4 Nf6 14. Bc3 Nc6 15. Qd2 Bd7 16. Qc1 Qxe2# 0-1


[Site "https://www.chess.com"]

[Event "Titled Tuesday Blitz October 18 Late 2022"]
[White "Pinheiro, Iung Alicio de O."]
[Black "Madaminov, Mukhiddin"]
[WhiteFideId "2104350"]
[BlackFideId "14210703"]
[WhiteElo "2283"]
[BlackElo "2341"]
[Result "0-1"]
[Round "07"]
[TimeControl "180+1"]
[Date "2022.10.18"]
[WhiteClock "0:00:04"]
[BlackClock "0:02:06"]

1. e4 e5 2. Bc4 Nf6 3. d3 Nc6 4. Nc3 Na5 5. Qf3 c6 6. Nge2 d6 7. a4 Nxc4 8. dxc4 Be7 9. O-O O-O 10. Rd1 Bg4 11. Qe3 Be6 12. b3 Ng4 13. Qf3 f5 14. exf5 Bxf5 15. Ng3 Be6 16. Qe2 Rxf2 17. Qe4 Qb6 18. Kh1 Rf4 19. a5 Nf2+ 20. Kg1 Nh3+ 21. Kh1 Qg1+ 0-1


[Site "https://www.chess.com"]

[Event "Titled Tuesday Blitz October 18 Late 2022"]
[White "Poliakova, Varvara"]
[Black "Brown, Andrew"]
[WhiteFideId "13518313"]
[BlackFideId "3206513"]
[WhiteElo "1938"]
[BlackElo "2245"]
[Result "1-0"]
[Round "07"]
[TimeControl "180+1"]
[Date "2022.10.19"]
[WhiteClock "0:00:41"]
[BlackClock "0:00:02"]

1. e4 g6 2. d4 Bg7 3. Nf3 c6 4. c3 d5 5. e5 h5 6. Bd3 Bg4 7. h4 Nh6 8. Bg5 Qb6 9. Qb3 Bxf3 10. gxf3 Qxb3 11. axb3 e6 12. Ke2 Nd7 13. Nd2 Nf5 14. b4 f6 15. exf6 Bxf6 16. Bxf6 Nxf6 17. b5 cxb5 18. Bxb5+ Kf7 19. Nb3 a6 20. Bd3 Nd7 21. f4 Rac8 22. Kf3 Rc6 23. Bxf5 gxf5 24. Nc1 Rg8 25. Nd3 Rg4 26. Ke3 Ke7 27. f3 Rg8 28. Ne5 Nxe5 29. fxe5 Rb6 30. Rh2 Rb3 31. Kf4 Kd7 32. Rf1 Kc6 33. Rff2 Kb5 34. Rfg2 Rh8 35. Rg6 Re8 36. Rh6 Kc4 37. Rxh5 b5 38. Rh7 b4 39. Rc7+ Kd3 40. cxb4 Kxd4 41. Rd2+ Rd3 42. Rxd3+ Kxd3 43. h5 d4 44. h6 Ke2 45. Rc2+ Kd1 46. Rh2 Rh8 47. h7 Kc1 48. b3 Kd1 49. Kg5 d3 50. Kf4 d2 51. Ke3 Kc1 52. Rxd2 f4+ 53. Ke2 Rxh7 54. Rd6 Rh2+ 55. Kd3 Kb2 56. Rxa6 Kxb3 57. Ke4 Kxb4 58. Rxe6 Rh4 59. Rf6 1-0


[Site "https://www.chess.com"]

[Event "Titled Tuesday Blitz October 18 Late 2022"]
[White "Pranav, V"]
[Black "Baskakov, Egor"]
[WhiteFideId "25060783"]
[BlackFideId "24197866"]
[WhiteElo "2430"]
[BlackElo "2211"]
[Result "1-0"]
[Round "07"]
[TimeControl "180+1"]
[Date "2022.10.18"]
[WhiteClock "0:00:08"]
[BlackClock "0:00:02"]

1. e4 c5 2. Nf3 Nf6 3. Nc3 d5 4. Bb5+ Bd7 5. e5 Bxb5 6. exf6 Bc6 7. fxg7 Bxg7 8. O-O d4 9. Nb1 e5 10. Re1 Nd7 11. d3 O-O 12. Nbd2 f5 13. Nf1 e4 14. Ng5 Qf6 15. Qh5 h6 16. Nh3 Rae8 17. Nf4 Ne5 18. Qh3 Qf7 19. Bd2 c4 20. Bb4 cxd3 21. cxd3 exd3 22. Bxf8 Rxf8 23. Nxd3 Nxd3 24. Qxd3 Be4 25. Qh3 d3 26. Rad1 Qxa2 27. Ng3 Qxb2 28. Rf1 Qd4 29. Rfe1 b5 30. Rd2 Qc3 31. Red1 Qc5 32. Nxe4 fxe4 33. Qe6+ Kh8 34. Qxe4 Bc3 35. Ra2 d2 36. Qe2 a5 37. h3 a4 38. Raxd2 Bxd2 39. Qxd2 Qg5 40. Qb2+ Kg8 41. Rd3 Qf6 42. Rg3+ Kh7 43. Qxb5 Qxf2+ 44. Kh2 Qf4 45. Qd7+ Rf7 46. Qd3+ Kh8 47. Qc3+ Kh7 48. Qb2 1-0


[Site "https://www.chess.com"]

[Event "Titled Tuesday Blitz October 18 Late 2022"]
[White "Przybylski, Wojciech"]
[Black "Mikhailov, Viacheslav"]
[WhiteFideId "1117599"]
[BlackFideId "4187369"]
[WhiteElo "2221"]
[BlackElo "2381"]
[Result "0-1"]
[Round "07"]
[TimeControl "180+1"]
[Date "2022.10.18"]
[WhiteClock "0:00:01"]
[BlackClock "0:00:19"]

1. e4 c5 2. Nf3 d6 3. Bb5+ Bd7 4. Bxd7+ Qxd7 5. c4 g6 6. O-O Bg7 7. d4 cxd4 8. Nxd4 Nf6 9. Nc3 Nc6 10. Nc2 O-O 11. h3 Rfc8 12. Bd2 Qe6 13. Qe2 a6 14. b3 b5 15. cxb5 axb5 16. Rfe1 b4 17. Na4 Qxe4 18. Qxe4 Nxe4 19. Rxe4 Bxa1 20. Nxa1 d5 21. Re1 Rab8 22. Nc2 e5 23. Ne3 d4 24. Nc4 f6 25. f4 Re8 26. fxe5 fxe5 27. Nd6 Re6 28. Ne4 Ne7 29. Nec5 Rc6 30. Rxe5 Nf5 31. Kf2 Rf8 32. Ke2 d3+ 33. Kxd3 Rd6+ 34. Kc2 Nd4+ 35. Kb2 Rf2 36. Ne4 Nc6 37. Rc5 Rxg2 38. Rc2 Re6 39. Ng5 Ree2 40. Nf3 Rgf2 41. Rxc6 Rxf3 42. Rd6 Rxh3 43. Nc5 h5 44. a4 bxa3+ 45. Kxa3 h4 46. Rxg6+ Kf7 47. Rd6 Rh1 48. Bf4 h3 49. b4 Rf1 50. Nd3 Rf3 51. Ka4 Ke7 0-1


[Site "https://www.chess.com"]

[Event "Titled Tuesday Blitz October 18 Late 2022"]
[White "Radovic, Janko"]
[Black "Ovezdurdyyeva, Jemal"]
[WhiteFideId "911518"]
[BlackFideId "14001888"]
[WhiteElo "2318"]
[BlackElo "1961"]
[Result "1-0"]
[Round "07"]
[TimeControl "180+1"]
[Date "2022.10.19"]
[WhiteClock "0:01:45"]
[BlackClock "0:00:05"]

1. Nf3 Nf6 2. c4 e6 3. g3 Be7 4. Bg2 d5 5. O-O c6 6. b3 O-O 7. Bb2 b6 8. d3 Bb7 9. Nbd2 Nbd7 10. Qc2 Bd6 11. e4 e5 12. exd5 cxd5 13. Rfe1 Re8 14. cxd5 Nxd5 15. Nc4 Bb4 16. Re2 f6 17. d4 exd4 18. Nxd4 Rxe2 19. Qxe2 Qe8 20. Qg4 Bc5 21. Nf5 Qg6 22. Qh3 Re8 23. Rd1 b5 24. Bxd5+ Bxd5 25. Rxd5 bxc4 26. Rxd7 Re2 27. Rxg7+ Qxg7 28. Nxg7 Bxf2+ 29. Kf1 Rxb2 30. Nf5 c3 31. Qg4+ Kf7 32. Qc4+ Kg6 33. Qxc3 Rxa2 34. Ne7+ Kf7 35. Nd5 1-0


[Site "https://www.chess.com"]

[Event "Titled Tuesday Blitz October 18 Late 2022"]
[White "Rangel, Daniel"]
[Black "Melikyan, Gnel"]
[WhiteFideId "2124475"]
[BlackFideId "54109990"]
[WhiteElo "2225"]
[BlackElo "2138"]
[Result "1-0"]
[Round "07"]
[TimeControl "180+1"]
[Date "2022.10.19"]
[WhiteClock "0:00:05"]
[BlackClock "0:00:10"]

1. c4 Nf6 2. g3 g6 3. Bg2 Bg7 4. Nc3 O-O 5. e3 c6 6. Nge2 d5 7. cxd5 Nxd5 8. O-O e5 9. Nxd5 cxd5 10. Nc3 e4 11. b3 Nc6 12. Bb2 Ne5 13. Na4 Bg4 14. Qb1 Be2 15. Re1 Nf3+ 16. Bxf3 exf3 17. h3 b5 18. Bxg7 Kxg7 19. Nc3 d4 20. Nxe2 fxe2 21. Rxe2 d3 22. Re1 Rc8 23. Qb2+ Qf6 24. Qxf6+ Kxf6 25. Rac1 Ke5 26. f3 a5 27. Kf2 f5 28. Red1 g5 29. Rc3 Rxc3 30. dxc3 Rd8 31. Ke1 g4 32. hxg4 fxg4 33. fxg4 Ke4 34. Kd2 Rf8 35. Rh1 Rf2+ 36. Kd1 Kxe3 37. Re1+ Kf3 38. Re5 Rxa2 39. Rxb5 Kxg4 40. Rd5 Kxg3 41. Rxd3+ Kg4 42. c4 h5 43. c5 a4 44. Rd4+ Kg3 45. Rxa4 Rb2 46. c6 Rxb3 47. c7 Rc3 48. Ra3 Rxa3 49. c8=Q Rf3 50. Ke2 Rf4 51. Qc7 Kg4 52. Ke3 Rf3+ 53. Ke2 Rf5 54. Qg7+ Kh4 55. Qg6 Rg5 56. Qe4+ Rg4 57. Qh1+ Kg3 58. Qg1+ Kh4 59. Qh1+ Kg5 60. Kf3 Rf4+ 61. Ke3 Rg4 62. Qd5+ Kg6 63. Qd6+ Kg5 64. Qd8+ Kf5 65. Kf3 Rf4+ 66. Kg3 Rg4+ 67. Kh3 Kg6 68. Qg8+ Kh6 69. Qh8+ Kg6 70. Qe8+ Kh6 71. Qc6+ Rg6 72. Qc1+ Kg7 73. Kh4 Rh6 74. Qg5+ Rg6 75. Qe7+ Kh6 76. Qe3+ Kg7 77. Kxh5 Rf6 78. Qe7+ Rf7 79. Qe5+ Kh7 80. Qe6 Rg7 81. Qh6+ Kg8 82. Qb6 Kh7 83. Qb1+ Kh8 84. Kh6 Rf7 85. Qb2+ Kg8 86. Qb8+ Rf8 87. Qg3+ Kf7 88. Qg7+ Ke8 89. Kg6 Rf1 90. Qa7 Rg1+ 91. Qxg1 1-0


[Site "https://www.chess.com"]

[Event "Titled Tuesday Blitz October 18 Late 2022"]
[White "Reprintsev, Alexander"]
[Black "Wiebe, Isaac"]
[WhiteFideId "14100541"]
[BlackFideId "2623862"]
[WhiteElo "2230"]
[BlackElo "2248"]
[Result "1-0"]
[Round "07"]
[TimeControl "180+1"]
[Date "2022.10.19"]
[WhiteClock "0:00:04"]
[BlackClock "0:00:32"]

1. e4 e5 2. f4 exf4 3. Bc4 Qh4+ 4. Kf1 d5 5. Bxd5 Nf6 6. Nf3 Qh5 7. Nc3 Bb4 8. d3 Bxc3 9. bxc3 Nxd5 10. exd5 Qxd5 11. Bxf4 O-O 12. Bxc7 Nc6 13. c4 Qh5 14. Ne5 Qf5+ 15. Qf3 Qxf3+ 16. Nxf3 Re8 17. Kf2 Bd7 18. Rhe1 Rxe1 19. Rxe1 Re8 20. Rxe8+ Bxe8 21. c3 f6 22. d4 Kf7 23. d5 Ne7 24. Nd4 Bd7 25. Nb3 b6 26. Bb8 a6 27. Bd6 Nf5 28. Bc7 b5 29. c5 Ne7 30. c6 Bc8 31. d6 Nxc6 32. Nc5 Ke8 33. Ke3 Ne5 34. Kd4 Nd7 35. Ne6 Kf7 36. Nd8+ Ke8 37. Nc6 Ne5 38. Nxe5 fxe5+ 39. Kxe5 Kd7 40. a3 Bb7 41. g3 Bf3 42. Kd4 Be2 43. Kc5 Bf1 44. Kb6 Be2 45. Ka5 Bf1 46. Bb8 Be2 47. h4 Bf1 48. Kb4 g6 49. Kc5 Be2 50. Ba7 Bf1 51. Kd5 Be2 52. Ke5 Bd3 53. Bb6 Kc6 54. Ba5 Kd7 55. Bb4 Bc4 56. Kd4 Kc6 57. Ke4 Be6 58. Ke5 Kd7 59. Kf6 Bf5 60. Ke5 Kc6 61. Kd4 h5 62. Ke5 Kd7 63. Kd5 Bd3 64. Kc5 Be2 65. Kb6 Bc4 66. Kxa6 Kc6 67. Ka7 Be6 68. Kb8 Kd7 69. Kb7 Bc4 70. Kb6 Bd3 71. Kc5 Be2 72. Kd4 Bc4 73. a4 Be2 74. a5 Kc6 75. Ke5 Bd3 76. Ke6 Bf5+ 77. Ke7 Bc8 78. a6 Bf5 79. a7 Kb7 80. d7 Bxd7 81. Kxd7 Kxa7 82. Ke6 g5 83. hxg5 Kb7 84. Kf5 Kc6 85. Kf4 Kd5 86. Kf3 Kc4 87. g6 1-0


[Site "https://www.chess.com"]

[Event "Titled Tuesday Blitz October 18 Late 2022"]
[White "Riehle, Marco"]
[Black "Zeynalli, Rashad"]
[WhiteFideId "12904392"]
[BlackFideId "13403320"]
[WhiteElo "2462"]
[BlackElo "2125"]
[Result "1-0"]
[Round "07"]
[TimeControl "180+1"]
[Date "2022.10.18"]
[WhiteClock "0:02:11"]
[BlackClock "0:00:04"]

1. e4 e5 2. Nf3 Nc6 3. Bc4 Bc5 4. O-O Nf6 5. d4 Bxd4 6. Nxd4 Nxd4 7. Bg5 d6 8. f4 Qe7 9. Na3 Ne6 10. fxe5 dxe5 11. Bxf6 gxf6 12. Qf3 Nf4 13. g3 Rg8 14. Kh1 Bg4 15. Qb3 Bh3 16. Rf2 Bg2+ 17. Rxg2 Nxg2 18. Qxb7 Rd8 19. Kxg2 Rd2+ 20. Kh1 Qc5 21. Qb8+ Rd8 22. Qb5+ Ke7 23. Qxc5+ 1-0


[Site "https://www.chess.com"]

[Event "Titled Tuesday Blitz October 18 Late 2022"]
[White "Romero Ruscalleda, Josep"]
[Black "Sernecki, Franciszek"]
[WhiteFideId "2231859"]
[BlackFideId "1169297"]
[WhiteElo "2316"]
[BlackElo "2209"]
[Result "0-1"]
[Round "07"]
[TimeControl "180+1"]
[Date "2022.10.19"]
[WhiteClock "0:00:35"]
[BlackClock "0:02:18"]

1. e4 e6 2. d4 d5 3. e5 c5 4. c3 Qd7 5. Nf3 b6 6. Be3 h5 7. Nbd2 Nh6 8. Bd3 Ba6 9. Bxa6 Nxa6 10. Qe2 Nc7 11. h3 Nf5 12. Qd3 Qb5 13. Qxb5+ Nxb5 14. a4 cxd4 15. Nxd4 Nbxd4 16. Bxd4 Nxd4 17. cxd4 Bb4 18. O-O-O Rc8+ 19. Kb1 Bxd2 20. Rxd2 Kd7 21. Rc1 Rxc1+ 22. Kxc1 Rc8+ 23. Rc2 Rc4 24. Rxc4 dxc4 25. Kd2 Kc6 26. Ke3 Kd5 27. f3 h4 28. f4 a6 29. Kf3 b5 30. axb5 axb5 31. Kg4 b4 0-1


[Site "https://www.chess.com"]

[Event "Titled Tuesday Blitz October 18 Late 2022"]
[White "Roque Sola, Gisela"]
[Black "Manukian, Artak"]
[WhiteFideId "5120241"]
[BlackFideId "13301373"]
[WhiteElo "1961"]
[BlackElo "2474"]
[Result "0-1"]
[Round "07"]
[TimeControl "180+1"]
[Date "2022.10.19"]
[WhiteClock "0:00:08"]
[BlackClock "0:00:25"]

1. e4 c6 2. d4 d5 3. e5 Bf5 4. c4 e6 5. Nc3 Nd7 6. h4 h5 7. cxd5 cxd5 8. Be2 Ne7 9. Bxh5 Nc6 10. Be2 Rxh4 11. Rxh4 Qxh4 12. Be3 O-O-O 13. Rc1 Kb8 14. a3 Ndxe5 15. dxe5 d4 16. Qa4 Qh1 17. Kf1 dxe3 18. fxe3 Bc5 19. Qf4 Qh6 20. Qxh6 gxh6 21. Nd1 Bb6 22. Nf3 Rd5 23. Bc4 Bd3+ 24. Bxd3 Rxd3 25. Ke2 Rb3 26. Rc3 Rxc3 27. Nxc3 Bc7 28. Ne4 Nxe5 29. Nf6 Nxf3 30. gxf3 b5 31. f4 Kb7 32. Kf3 Kc6 33. Ne4 a5 34. b3 f5 35. Nd2 Bd6 36. a4 Bb4 37. e4 Bxd2 0-1


[Site "https://www.chess.com"]